 Dungeon Crawl Stone Soup version 0.30-a0-469-g84de5afbc5 (webtiles) character file.

Game seed: 16480589567853954871

214 Raultor the Insei (level 5, -1/34 HPs)
             Began as an Octopode Transmuter on Dec 19, 2022.
             Slain by an iguana (13 damage)
             ... on level 4 of the Dungeon.
             The game lasted 00:03:15 (2034 turns).

Raultor the Insei (Octopode Transmuter)             Turns: 2034, Time: 00:03:16

Health: -1/34      AC:  1    Str:  9    XL:     5   Next: 92%
Magic:  8/8        EV: 17    Int: 17    God:
Gold:   90         SH:  0    Dex: 13    Spells: 5/8 levels left

rFire   . . .      SeeInvis .      - Unarmed
rCold   . . .      Faith    .    (no shield)
rNeg    . . .      Spirit   .    (helmet currently unavailable)
rPois   .          Reflect  .    (no amulet)
rElec   .          Harm     .    E - +4 ring of evasion
rCorr   .          Rampage  .    (no ring)
Will    .....                    (no ring)
Stlth   ++........               (no ring)
HPRegen 0.25/turn                (no ring)
MPRegen 0.11/turn                (no ring)
                                 (no ring)
                                 (no ring)

@: appendages (expiring)
A: tentacle spike 3, almost no armour, amphibious, 8 rings, camouflage 1,
gelatinous body 1, (nimble swimmer 1), tentacles
a: End Transformation


You were on level 4 of the Dungeon.
One of your tentacles had grown a beastly spike.
You visited 1 branch of the dungeon, and saw 4 of its levels.

You collected 90 gold pieces.


Innate Abilities, Weirdness & Mutations

One of your tentacles has grown a beastly spike.
You cannot wear most types of armour.
You are amphibious.
You can wear up to eight rings at the same time.
Your skin changes colour to match your surroundings (Stealth+).
Your rubbery body absorbs attacks. (AC +1, EV +1)
((You are camouflaged when in or above water. (Stealth+)))
You have tentacles for arms and can constrict up to eight enemies at once.


   Skills:
 + Level 2.2 Fighting
 - Level 2.0 Dodging
 + Level 3.7 Unarmed Combat
 - Level 2.0 Spellcasting
 * Level 3.7 Transmutations
 * Level 3.0 Ice Magic


You had 5 spell levels left.
You knew the following spells:

 Your Spells              Type           Power      Damage    Failure   Level
b - Beastly Appendage     Tmut           28%        N/A       4%          1
w - Wereblood             Tmut           14%        N/A       6%          2

Your spell library contained the following spells:

 Spells                   Type           Power      Damage    Failure   Level
 Spider Form              Tmut/Pois      8%         N/A       26%         3
 Hailstorm                Conj/Ice       6%         3d4       30%         3
 Ice Form                 Ice/Tmut       13%        N/A       43%         4
 Simulacrum               Ice/Necr       3%         N/A       100%        6

Inventory:

Jewellery
 E - a +4 ring of evasion (left tentacle)
Scrolls
 b - a scroll of fog {unknown}
 c - a scroll of poison {unknown}
 g - 4 scrolls of identify {unknown}
 i - 2 scrolls of enchant weapon {unknown}
 l - a scroll of fear {unknown}
Potions
 a - a potion of lignification
 d - 2 potions of degeneration {unknown}
 e - a potion of heal wounds {unknown}
 f - 2 potions of might {unknown}
 h - 3 potions of brilliance {unknown}
 j - a potion of ambrosia {unknown}
 k - a potion of curing {unknown}

Dungeon Overview and Level Annotations

Branches:
Dungeon (3/15)

Altars:

. ###############
.. ...## #...##
#..################
#.................
#...##############
#l#...# #@###.# .
#.###.####....
#.g.†..)...#
######..##.# ......
......$# ######..#
..# .#


You could see an iguana and a goblin.


Message History

You tentacle-slap the adder.
You kill the adder!
You closely miss the iguana. You grab the iguana.
You constrict the iguana, but do no damage.
The iguana closely misses you.
You tentacle-slap the iguana but do no damage.
You pierce the iguana.
You squeeze the iguana, but do no damage.
The iguana is lightly wounded.
Your transformation is almost over.
You constrict the iguana, but do no damage.
The iguana bites you!
* * * LOW HITPOINT WARNING * * *
You tentacle-slap the iguana but do no damage.
You pierce the iguana, but do no damage.
You squeeze the iguana, but do no damage.
The iguana is lightly wounded.
You constrict the iguana. The iguana closely misses you.
You tentacle-slap the iguana but do no damage.
The iguana is lightly wounded.
You constrict the iguana. The iguana barely misses you.
A goblin comes into view. It is wielding a +0 dagger.
The goblin shouts!
You tentacle-slap the iguana but do no damage.
You pierce the iguana, but do no damage.
The iguana is moderately wounded.
You constrict the iguana.
You hear a shout!
The iguana bites you!
You die...

Skill      XL: |  1  2  3  4  5 |
---------------+----------------+-----
Ice Magic      | 1 2 3 |  3.0
Transmutations | 3 |  3.7
Fighting       | 2 |  2.2
Dodging        | |  2.0
Unarmed Combat | |  3.7
Spellcasting   | |  2.0

Action                   |  1- 3 |  4- 6 || total
-------------------------+-------+-------++-------
Melee: Unarmed           |    95 |    73 ||   168
       Tentacles         |    17 |    21 ||    38
       Constrict         |    21 |    19 ||    40
       Kick              |     6 |    11 ||    17
       Punch             |     2 |     1 ||     3
 Cast: Beastly Appendage |     5 |     4 ||     9
       Wereblood         |       |     1 ||     1
 Stab: Sleeping          |    18 |     1 ||    19
       Distracted        |       |     1 ||     1
Armor: Skin              |     4 |     4 ||     8
Dodge: Dodged            |    48 |    51 ||    99

Levels and vault maps discovered:
D:1:      dpeg_arrival_rooms_with_view, layout_basic, serial_forest,
          infiniplex_forest_lined_room_2, infiniplex_forest_clump_large,
          infiniplex_forest_straight_2, infiniplex_forest_lined_3,
          infiniplex_forest_lined_room_, infiniplex_forest_clump_small,
          infiniplex_forest_lined_3
D:2:      layout_basic, hellmonk_ecumenical_altar_prayer_group, serial_curves,
          eino_curves_04, eino_curves_01
D:3:      layout_basic, mainiacjoe_overflow_six_doors_small, minmay_door_square
D:4:      kennysheep_the_goblin_king, layout_basic, bloody_makhleb,
          minmay_temple_entry_purple_smoke, minmay_close_crescents

Notes
Turn   | Place    | Note
-------+----------+-------------------------------------------
     0 | D:1      | Raultor the Octopode Transmuter began the quest for the
                  | Orb.
     0 | D:1      | Reached XP level 1. HP: 13/13 MP: 3/3
   136 | D:1      | Reached XP level 2. HP: 14/18 MP: 5/5
   234 | D:1      | Reached skill level 1 in Ice Magic
   507 | D:1      | Reached XP level 3. HP: 22/23 MP: 6/6
   756 | D:1      | Learned a level 2 spell: Wereblood
  1110 | D:2      | Reached XP level 4. HP: 28/28 MP: 7/7
  1208 | D:2      | Reached skill level 3 in Transmutations
  1216 | D:2      | Found a faded altar of an unknown god.
  1469 | D:2      | Reached skill level 2 in Ice Magic
  1915 | D:3      | You fall into a shaft and drop 1 floor!
  1974 | D:4      | Noticed a scorpion
  1979 | D:4      | Reached skill level 2 in Fighting
  1979 | D:4      | Reached XP level 5. HP: 34/34 MP: 4/8
  2001 | D:4      | Reached skill level 3 in Ice Magic
  2034 | D:4      | Slain by an iguana

Vanquished Creatures
  A scorpion (D:4)
  A howler monkey (D:4)
  4 adders
  5 dart slugs
  10 ball pythons
  9 endoplasms
  2 giant cockroaches (D:2)
  8 goblins
  6 hobgoblins
  A quokka (D:2)
  6 bats
  2 frilled lizards (D:1)
  7 kobolds
  8 rats
70 creatures vanquished.

Vanquished Creatures (others)
  A plant (D:1)
1 creature vanquished.

Grand Total: 71 creatures vanquished

Table legend: (Time is in decaauts)
 A = Elapsed time spent in this place.
 B = Non-inter-level travel time spent in this place.
 C = Inter-level travel time spent in this place.
 D = Time resting spent in this place.
 E = Time spent auto-exploring this place.
 F = Levels seen in this place.
 G = Mean time per level.
                   A        B        C        D        E       F      G
               +--------+--------+--------+--------+--------+-----+--------+
         Total |   2022 |   1999 |     23 |      0 |   1525 |   4 |  505.5 |
       Dungeon |   2022 |   1999 |     23 |      0 |   1525 |   4 |  505.5 |
               +--------+--------+--------+--------+--------+-----+--------+

Top non-repeatable levels by time:
     D:1: 941 daAuts
     D:2: 702 daAuts
     D:3: 261 daAuts
     D:4: 117 daAuts

Table legend:
 A = Non-vault XP
 B = Vault XP
 C = Vault XP percentage of total XP
 D = Non-vault monster count
 E = Vault monster count
 F = Vault count percentage of total count
                 A         B        C        D         E       F
            +---------+---------+-------+---------+---------+-------
      Total |     289 |      18 |   5.9 |      66 |       4 |   5.7
            +---------+---------+-------+---------+---------+-------
        D:1 |      46 |       3 |   6.1 |      28 |       2 |   6.7
        D:2 |      69 |       2 |   2.8 |      26 |       1 |   3.7
        D:3 |      17 |       0 |   0.0 |       8 |       0 |   0.0
        D:4 |     157 |      13 |   7.6 |       4 |       1 |  20.0
            +---------+---------+-------+---------+---------+-------
